[Event "Late-Titled-Tuesday-Blitz-October-17-2023"]
[Site "Chess.com"]
[Date "2023.10.17"]
[Round "7"]
[White "Cristi_Coca"]
[Black "AlexPapasimakopoulos"]
[Result "0-1"]
[WhiteElo "2380"]
[BlackElo "2693"]
[TimeControl "180+1"]
[EndTime "15:16:59 PDT"]
[Termination "AlexPapasimakopoulos won by resignation"]

1. e4 e6 2. d4 d5 3. Nc3 Bb4 4. exd5 exd5 5. Bd3 Nc6 6. Ne2 Nge7 7. Bf4 Bf5 8. Bxf5 Nxf5 9. Qd3 Qd7 10. O-O-O O-O 11. g4 Nfe7 12. Rdg1 Rfe8 13. h4 Bxc3 14. Nxc3 Nb4 15. Qb5 Nbc6 16. Qd3 a6 17. h5 Nb4 18. Qd2 c5 19. dxc5 d4 20. Ne4 Qd5 21. Qxb4 Qxe4 22. Bd2 Rad8 23. Re1 Qc6 24. g5 Nf5 25. Qc4 b5 26.
Qd3 Qxc5 27. g6 fxg6 28. hxg6 h6 29. Rxe8+ Rxe8 30. Qb3+ Qc4 31. Qf3 Qxa2 32. Bb4 Qa1+ 33. Kd2 Qxb2 34. Ba5 d3 35. Qxd3 Qf6 36. Qd5+ Kh8 37. Rh5 Ne7 38. Qf7 Qxf7 39. gxf7 Rf8 40. Bb4 Rxf7 41. Re5 Nc6 42. Re8+ Kh7 43. Bc3 Rd7+ 44.
Kc1 h5 45. Rf8 g5 46. Rf6 b4 47. Rxc6 bxc3 48. Rxc3 Rd6 49. Rc8 h4 50. c4 h3 51.
Re8 h2 52. Re1 Rc6 53. Rh1 Rxc4+ 54. Kd2 Rh4 55. Ke2 Kg6 56. Kf3 a5 57. Kg3 a4 58. Kg2 a3 59. Ra1 h1=Q+ 60. Rxh1 Rxh1 61. Kxh1 a2 0-1

[Event "Late-Titled-Tuesday-Blitz-October-17-2023"]
[Site "Chess.com"]
[Date "2023.10.17"]
[Round "7"]
[White "ellatambien"]
[Black "Eloist"]
[Result "0-1"]
[WhiteElo "2592"]
[BlackElo "2451"]
[TimeControl "180+1"]
[EndTime "15:16:59 PDT"]
[Termination "Eloist won by resignation"]

1. e4 e6 2. d3 d5 3. Qe2 dxe4 4. dxe4 b6 5. Nf3 Ba6 6. c4 Bb4+ 7. Bd2 Bxd2+ 8.
Nbxd2 Nc6 9. g3 e5 10. Bg2 Nf6 11. O-O O-O 12. Rfd1 Nd4 13. Nxd4 Qxd4 14. b3 Rad8 15. Nf1 Qc5 16. Ne3 c6 17. Nf5 Bc8 18. g4 g6 19.
Ne3 Rd4 20. Nc2 Bxg4 21. Bf3 Rxd1+ 22. Rxd1 Bh3 23. Ne3 Qe7 24. Kh1 Rd8 25. Rd3 Rxd3 26. Qxd3 Qd7 27. Qxd7 Nxd7 28. Bg2 Be6 29. f3 Nc5 30.
Bf1 a5 31. Kg1 f5 32. exf5 gxf5 33. Bh3 Nd3 34. Bxf5 Bxf5 35. Nxf5 Kf7 36. Nd6+ Ke6 37. Ne4 b5 38. cxb5 cxb5 39. Kf1 Nc1 40. a4 Nxb3 41.
axb5 a4 42. b6 Kd7 43. Nc3 a3 44. Na2 Kc6 45. Ke2 Kxb6 46. Kd3 Kc5 47. Ke4 Nd2+ 48.
Kxe5 Nxf3+ 49. Kf4 Nxh2 50. Kg3 Nf1+ 51. Kf2 Nd2 52.
Ke2 Ne4 53. Kd3 Kd5 54. Nc1 h5 55. Ne2 h4 56. Kc2 Ke5 57. Ng1 Kd4 58. Kb3 Ke3 59. Kxa3 Ng5 60. Kb2 Kf2 0-1

[Event "Late-Titled-Tuesday-Blitz-October-17-2023"]
[Site "Chess.com"]
[Date "2023.10.17"]
[Round "7"]
[White "Zhigalko_Sergei"]
[Black "K_A_S_T_O_R"]
[Result "1/2-1/2"]
[WhiteElo "2953"]
[BlackElo "2873"]
[TimeControl "180+1"]
[EndTime "15:17:00 PDT"]
[Termination "Game drawn by repetition"]

1. e4 c5 2. Nf3 d6 3. d4 cxd4 4. Qxd4 Bd7 5. Bc4 Nc6 6. Qd3 g6 7. Nc3 Bg7 8. h3 Nf6 9. O-O O-O 10. Bg5 Rc8 11. Bb3 Qa5 12. Rfe1 Ne5 13. Nxe5 Qxe5 14. Be3 Qa5 15. Rad1 Bc6 16. Bd4 a6 17. Nd5 Bxd5 18.
exd5 Rfe8 19. Re2 Nh5 20. Qe3 Bxd4 21. Rxd4 Nf6 22. c3 Qc5 23. h4 Kg7 24. Qg5 h6 25. Qf4 b5 26. a3 Qc7 27. Bc2 Qd7 28. Bb3 Rcd8 29. g3 Qf5 30. Qd2 Qd7 31. Bc2 Rc8 32. Bb3 Rb8 33. Qe1 Rbc8 34. Re3 Rc7 35. Qe2 Rb8 36.
Rf3 a5 37. Kg2 Rcb7 38. Re3 b4 39. cxb4 axb4 40. a4 Qd8 41. Qe1 Qb6 42. Rd2 Qa7 43. Rde2 Kf8 44. Qd2 Ng4 45. Re4 h5 46. Rf4 Kg8 47.
Rfe4 Ne5 48. Qg5 Kg7 49. Qd2 Qc5 50. Rf4 Rc7 51. Ree4 Rcb7 52. Rd4 Qa5 53. Rfe4 Qc5 54. Qe1 Qa5 55. Qd2 Qc5 56. Qe1 Qa5 57. Qd2 1/2-1/2

[Event "Late-Titled-Tuesday-Blitz-October-17-2023"]
[Site "Chess.com"]
[Date "2023.10.17"]
[Round "7"]
[White "Makswolf200817"]
[Black "Langua_Chess"]
[Result "0-1"]
[WhiteElo "2651"]
[BlackElo "2498"]
[TimeControl "180+1"]
[EndTime "15:17:03 PDT"]
[Termination "Langua_Chess won on time"]

1. e3 a5 2. Nf3 g6 3. h4 Nf6 4. c4 d6 5. Nc3 Bg7 6. Be2 O-O 7. b3 Na6 8. Bb2 e5 9. d4 e4 10. Nd2 Re8 11. g4 c5 12. g5 cxd4 13. exd4 e3 14.
fxe3 Nh5 15. Bxh5 gxh5 16. Nd5 Nb4 17. Nxb4 axb4 18. Qf3 Bg4 19. Qg3 Qe7 20. Kf2 f6 21.
gxf6 Rf8 22. Kg2 Rxf6 23. Kh2 Raf8 24. Raf1 Rg6 25. Rxf8+ Bxf8 26. Rg1 Bh6 27. Nf1 Be2 28. Qh3 Rg4 29. Ng3 Bxe3 30. Rg2 Bf4 31. Bc1 Rxh4 32. Bxf4 Rxh3+ 33. Kxh3 Bg4+ 34. Kh2 Qe1 35. Bg5 Kf7 36.
d5 Kg6 37. Bh4 Qe5 38. Kg1 b5 39. cxb5 Qxd5 40. Ne2 Qxb5 41. Nf4+ Kf5 42. Nxh5 Qc5+ 43. Kh2 Bxh5 44. Rg5+ Ke4 45. Rxc5 dxc5 46. Be7 Kd5 47. Kg3 Bg6 48. Kf4 Bb1 49. a3 bxa3 50. Bf6 Bc2 51. Ke3 Bxb3 52. Kd2 Kc4 53. Kc1 Ba4 54. Kd2 Kb3 55. Kc1 h5 56. Kd2 c4 57.
Kc1 c3 0-1

[Event "Late-Titled-Tuesday-Blitz-October-17-2023"]
[Site "Chess.com"]
[Date "2023.10.17"]
[Round "7"]
[White "Rodalquilar"]
[Black "WPWPWP-2015"]
[Result "1-0"]
[WhiteElo "2777"]
[BlackElo "2571"]
[TimeControl "180+1"]
[EndTime "15:17:04 PDT"]
[Termination "Rodalquilar won by checkmate"]

1. d4 Nf6 2. Nf3 e6 3. Bf4 b6 4. e3 Bb7 5. Nbd2 Be7 6. h3 O-O 7. Bd3 c5 8. c3 d6 9. O-O Nbd7 10. Bh2 Re8 11. a4 a6 12. e4 h6 13. Re1 Bf8 14. e5 dxe5 15. dxe5 Nd5 16. Ne4 Rc8 17. Qe2 Nb8 18. Rad1 Qd7 19. Bc2 Qc6 20. Qd3 g6 21. Nd6 Bxd6 22. exd6 Nd7 23. Qc4 Kh7 24. Qh4 N5f6 25. Bf4 Ng8 26. Be4 Qxe4 27. Rxe4 Bxe4 28. Ng5+ Kg7 29. Nxe4 e5 30. Bc1 f5 31. Ng3 b5 32.
axb5 axb5 33. Nf1 Re6 34. Qg3 Rc6 35. Qd3 Ngf6 36. Ne3 c4 37. Qd2 Ne4 38. Qd5 Rcxd6 39. Qxb5 Rxd1+ 40. Nxd1 Rd6 41. Ne3 Nef6 42. Nxc4 Rd1+ 43.
Kh2 Rxc1 44. Nxe5 Nxe5 45. Qxe5 Rc2 46. Qe7+ Kg8 47. Qxf6 Rxf2 48. Qxg6+ Kf8 49. Qxh6+ Kf7 50. Qh5+ Ke6 51. Qh6+ Kf7 52. Qc1 f4 53. Kg1 Re2 54. Qxf4+ Ke8 55. Qc1 Kf7 56. c4 Kg6 57. c5 Kf5 58.
Qf1+ Kg5 59. Qxe2 Kh4 60. Qg4# 1-0

[Event "Late-Titled-Tuesday-Blitz-October-17-2023"]
[Site "Chess.com"]
[Date "2023.10.17"]
[Round "7"]
[White "campochess"]
[Black "Mikhal867"]
[Result "0-1"]
[WhiteElo "2189"]
[BlackElo "2424"]
[TimeControl "180+1"]
[EndTime "15:17:04 PDT"]
[Termination "Mikhal867 won on time"]

1. d4 Nf6 2. Bg5 Ne4 3. h4 c5 4. d5 Qb6 5. Bc1 g6 6. Nd2 Nxd2 7. Qxd2 Bg7 8. c3 d6 9. e4 h5 10. Qc2 O-O 11. Nf3 e6 12. Bc4 exd5 13. Bxd5 Qa6 14.
c4 Nc6 15. O-O Nb4 16. Qd1 Bg4 17. Bf4 Rfe8 18. a3 Nxd5 19. Qxd5 Bxf3 20. gxf3 Bxb2 21. Ra2 Be5 22. Be3 Qc6 23. Rd1 Rac8 24. Rad2 Re6 25. f4 Bf6 26. f5 Rxe4 27. Qxd6 Qxd6 28. Rxd6 Bxh4 29. fxg6 Rg4+ 30. Kf1 Rxg6 31. Rd7 Ra6 32. R1d5 Rxa3 33. Rxh5 Bf6 34. Rxb7 a5 35. Rf5 Rc6 36. Bg5 Kg7 37. Bxf6+ Rxf6 38. Rxf6 Kxf6 39. Rb5 Ra1+ 40. Ke2 Ke5 41. Rxc5+ Kd4 42. Rc7 f5 43. Rf7 Ke4 44.
Re7+ Kf4 45. Kd3 Kf3 46. Re5 f4 47. Rf5 a4 48. c5 a3 49. Kc2 Rf1 50. Kb3 Rxf2 51.
Kxa3 Ke4 52. Rf7 f3 53. c6 Rc2 54. c7 Ke3 55. Kb4 f2 56. Kb5 Ke2 57. Kb6 Rc3 58. Rxf2+ Kxf2 59. Kb7 Ke3 0-1

[Event "Late-Titled-Tuesday-Blitz-October-17-2023"]
[Site "Chess.com"]
[Date "2023.10.17"]
[Round "7"]
[White "HajiyevKanan"]
[Black "Chesstrainer1"]
[Result "1/2-1/2"]
[WhiteElo "2538"]
[BlackElo "2496"]
[TimeControl "180+1"]
[EndTime "15:17:05 PDT"]
[Termination "Game drawn by stalemate"]

1. d4 Nf6 2. Nf3 e6 3. c4 Nc6 4. Nc3 Bb4 5. Qb3 a5 6. e3 O-O 7. Bd3 d6 8. O-O Bxc3 9. Qxc3 Qe7 10. b3 e5 11. dxe5 dxe5 12. Bc2 Bg4 13. Ng5 Rad8 14. Bb2 h6 15. Ne4 Bf5 16. Nxf6+ Qxf6 17. Rad1 Qg6 18. Bxf5 Qxf5 19. Rd5 Rd7 20. Rfd1 Rfd8 21. a3 Qe6 22. Qd3 Rd6 23. Bc3 b6 24. h3 f6 25. Qe4 Ne7 26. Rxd6 Rxd6 27. Rxd6 Qxd6 28. b4 Qd1+ 29. Kh2 Qb3 30. bxa5 Qxa3 31. axb6 cxb6 32. Be1 Qc5 33. f4 Kf7 34. fxe5 Qxe5+ 35.
Qxe5 fxe5 36. e4 Ke6 37. Bf2 Nc8 38. Kg3 Nd6 39. Bxb6 Nxc4 40. Bc7 Nd2 41. Kg4 Nxe4 42. Kh5 Kf6 43. Bd8+ Kf7 44. g4 Nf6+ 45. Kh4 g5+ 46. Kg3 Ke6 47. Kf3 Nd5 48. Ke4 Nf4 49. h4 gxh4 50. Bxh4 Ng6 51. Bg3 Kf6 52. Be1 Kg5 53. Kf3 e4+ 54. Kg3 e3 55. Kf3 Ne5+ 56. Kxe3 Kxg4 57. Kf2 Nd3+ 58. Ke2 Nxe1 59. Kxe1 Kg3 60. Kf1 Kh2 61. Kf2 h5 62. Kf1 h4 63. Kf2 h3 64.
Kf1 Kg3 65. Kg1 h2+ 66. Kh1 Kh3 1/2-1/2

[Event "Late-Titled-Tuesday-Blitz-October-17-2023"]
[Site "Chess.com"]
[Date "2023.10.17"]
[Round "7"]
[White "ArtemDyachuk"]
[Black "venturov"]
[Result "0-1"]
[WhiteElo "2672"]
[BlackElo "2476"]
[TimeControl "180+1"]
[EndTime "15:17:06 PDT"]
[Termination "venturov won on time"]

1. e4 Nf6 2. e5 Nd5 3. d4 d6 4. c4 Nb6 5. f4 g6 6. Nf3 Bg7 7.
Nc3 O-O 8. Be3 Be6 9. b3 dxe5 10. fxe5 c5 11. d5 Bg4 12. Qd2 N6d7 13. h4 Bxf3 14. gxf3 Nxe5 15. Be2 h5 16. Bxc5 Qa5 17. Bd4 e6 18. f4 Ned7 19. dxe6 Nf6 20. O-O-O Nc6 21. Bxf6 Bxf6 22. Nd5 Qa3+ 23. Kb1 Bg7 24. exf7+ Rxf7 25. Rhg1 Ne7 26. Rxg6 Nxd5 27. cxd5 Rd8 28. Rdg1 Qc5 29.
R6g5 Qd6 30. Qd4 Rdd7 31. Bxh5 Kf8 32. Qd2 Rxf4 33. Bg4 Qf6 34. Qxf4 Qxf4 35. Rf5+ Qxf5+ 36. Bxf5 Rxd5 37. Bc2 Rd4 38. h5 Rh4 39. Rf1+ Ke7 40.
Bg6 Bf6 41. Re1+ Kd6 42. Kc2 Rh2+ 43. Kd3 Rxa2 44. h6 Rh2 45. h7 Kc5 46. Rf1 Bb2 47. Rf7 Kb6 48. Be4 Rh3+ 49. Kc4 Rh4 50. Rxb7+ Ka6 51. Re7 Kb6 52. Re6+ Kc7 53. Kb5 Kd7 54.
Bf5 Rh5 55. Re5+ Kd6 56. Re6+ Kd5 57. Bg4 Rg5 58. Re2 Kd4+ 0-1

[Event "Late-Titled-Tuesday-Blitz-October-17-2023"]
[Site "Chess.com"]
[Date "2023.10.17"]
[Round "7"]
[White "FabianoCaruana"]
[Black "Polish_fighter3000"]
[Result "1-0"]
[WhiteElo "3112"]
[BlackElo "3055"]
[TimeControl "180+1"]
[EndTime "15:17:08 PDT"]
[Termination "FabianoCaruana won by resignation"]

1. c4 e6 2. Nf3 Nf6 3. d4 b6 4. g3 Ba6 5. b3 Bb4+ 6. Bd2 Be7 7.
Bg2 c6 8. O-O d5 9. Bc3 O-O 10.
Nbd2 Nbd7 11. Qc2 Rc8 12. e4 b5 13. e5 Ne8 14. c5 b4 15. Bxb4 Bxf1 16. Bxf1 g6 17. Re1 Ng7 18. h4 f6 19. exf6 Bxf6 20. Bh3 Qe7 21. Bc3 Rce8 22. b4 g5 23. h5 Qf7 24. h6 Nf5 25. Rxe6 Rxe6 26. Bxf5 Re7 27. a4 g4 28. Bxg4 Bg5 29. b5 Bxh6 30. bxc6 Nf6 31. Qf5 Kh8 32. Ne5 Qg8 33. Bf3 Ne4 34. Bxe4 Rxf5 35. Bxf5 Rg7 36. Kg2 Bf4 37. Nf1 Qf8 38. Bd7 Qd8 39. Be6 Qf6 40. Bd7 Qd8 41. Kf3 Bxe5 42.
dxe5 Qf8+ 43. Kg2 Qxc5 44. Ba1 d4 45. e6 Kg8 46. Nd2 Kf8 47. Nf3 d3 48. Bd4 Qd6 49. Be5 Qc5 50. c7 Rg4 51. c8=Q+ Qxc8 52. Bxc8 Ke7 53.
Bd7 Re4 54. Bc3 Rc4 55. Bd2 h6 56. a5 Re4 57. Bxh6 Kd6 58. Bd2 Ke7 59. a6 Rc4 60. Be3 Rc2 61. Bxa7 d2 62. Nxd2 Rxd2 63. Be3 1-0

[Event "Late-Titled-Tuesday-Blitz-October-17-2023"]
[Site "Chess.com"]
[Date "2023.10.17"]
[Round "7"]
[White "Beca95"]
[Black "mishanick"]
[Result "1-0"]
[WhiteElo "2938"]
[BlackElo "3030"]
[TimeControl "180+1"]
[EndTime "15:17:09 PDT"]
[Termination "Beca95 won on time"]

1. e4 c5 2. Nf3 e6 3. d4 cxd4 4.
Nxd4 Nf6 5. Nc3 Nc6 6. a3 d5 7.
exd5 Nxd5 8. Nxc6 bxc6 9. Bd2 Be7 10. Bd3 Bb7 11. O-O O-O 12. Ne4 c5 13. Qe2 Qc7 14.
f4 Rad8 15. Kh1 Nf6 16. Bc3 Nd5 17. Be5 Qd7 18. b3 f6 19. Bb2 f5 20. Nd2 Bf6 21. Bxf6 gxf6 22. Rf3 Kh8 23. Qf2 Rg8 24. Rg1 Rg6 25. Qxc5 Rdg8 26. Qf2 Nc3 27. Rg3 Rxg3 28. hxg3 Qg7 29. Re1 Qxg3 30. Qxg3 Rxg3 31. Bf1 Ne4 32. Nf3 Rg4 33. Nd4 e5 34. fxe5 Ng3+ 35. Kg1 Rxd4 36.
exf6 Rd8 37. Re7 Be4 38. Bc4 Rf8 39. f7 Kg7 40. Rxa7 Bxc2 41. a4 Ne4 42. a5 Nd6 43.
Bd5 Kf6 44. b4 Bd3 45. Rd7 Ke5 46. Ba2 Bc4 47. Bxc4 Nxc4 48. a6 Ke6 49. Rc7 Nd6 50.
a7 Nxf7 51. b5 Nd6 52. b6 Kd5 53. b7 Nxb7 54. Rxb7 Ra8 55. Rxh7 Ke4 56. Kf2 Kf4 57. Re7 Kg4 58. Ke3 f4+ 59. Kf2 Kf5 60. Kf3 Kg5 61.
Rf7 Kg6 62. Rb7 Kg5 63. Ke4 1-0

[Event "Late-Titled-Tuesday-Blitz-October-17-2023"]
[Site "Chess.com"]
[Date "2023.10.17"]
[Round "7"]
[White "ElenGajger"]
[Black "Hambardzumyan_Yuri"]
[Result "0-1"]
[WhiteElo "2360"]
[BlackElo "2489"]
[TimeControl "180+1"]
[EndTime "15:17:10 PDT"]
[Termination "Hambardzumyan_Yuri won by resignation"]

1. e4 c5 2. Nc3 d6 3. f4 g6 4. Nf3 Bg7 5. Bc4 Nc6 6. O-O e6 7.
d3 Nge7 8. Qe1 O-O 9. f5 gxf5 10.
Qh4 Ng6 11. Qh5 fxe4 12. dxe4 Nce5 13. Nxe5 Nxe5 14. Be2 Ng6 15. Bg5 f6 16. Be3 Bd7 17. Rad1 Bc6 18. Bxc5 dxc5 19. Rxd8 Raxd8 20. Qxc5 Rfe8 21. Bc4 f5 22. Kh1 f4 23. Qf5 Bd5 24. Bxd5 Rxd5 25. Qg4 Rd2 26. h4 Rxc2 27. h5 Ne5 28. Qd1 Rxb2 29. Rxf4 Rc8 30. Qe1 Nd3 31. Qg3 Nxf4 32. h6 Ng6 33. hxg7 Rc2 34. Nb5 Kxg7 35. Nd6 Rf8 36.
e5 Rf4 37. Qe3 Rxa2 38. Qc1 Raf2 39. Qc7+ Kh6 40. Nf7+ Kh5 41. Kh2 Kg4 42. Nh6+ Kh5 43. Nf7 Rh4+ 44. Kg1 Rf5 45. Qc2 Rhf4 46. Qe2+ Rg4 47.
Nd6 Nf4 48. Qf3 Rg5 49. Nf7 Rg6 50. Kf1 Rg7 51. Nd6 Kh6 52. Ne4 Nh5 53. Nf6 Rf4 54.
Nxh5 Rxf3+ 55. gxf3 Kxh5 56. Ke2 Kg5 57. Ke3 Kf5 58. f4 Rg4 59. Kd4 Rxf4+ 60. Kc5 h5 61. Kd6 Re4 0-1

[Event "Late-Titled-Tuesday-Blitz-October-17-2023"]
[Site "Chess.com"]
[Date "2023.10.17"]
[Round "7"]
[White "MKlose11"]
[Black "BogdanDeac"]
[Result "0-1"]
[WhiteElo "2647"]
[BlackElo "2982"]
[TimeControl "180+1"]
[EndTime "15:17:14 PDT"]
[Termination "BogdanDeac won by resignation"]

1. e4 c5 2. Nc3 e6 3. g3 d5 4. Bg2 d4 5. Nce2 e5 6. d3 Nc6 7. f4 Bd6 8. Nf3 f6 9. O-O Nge7 10. fxe5 Bxe5 11. Nxe5 Nxe5 12. Nf4 O-O 13. Bh3 Bxh3 14. Nxh3 c4 15. Bf4 Qd7 16. Bxe5 fxe5 17. Kg2 Qb5 18. b3 Rxf1 19. Qxf1 cxd3 20. cxd3 Rc8 21. Rc1 Rxc1 22.
Qxc1 Qxd3 23. Qc7 Qxe4+ 24. Kg1 Qb1+ 25. Kg2 Qxa2+ 26. Kg1 Qb1+ 27. Kg2 Qe4+ 28. Kg1 Qe3+ 29. Kg2 Kf7 30. Qc4+ Kf6 31. Nf2 h5 32. Qc7 Qe2 33.
Qd6+ Kf7 34. Kg1 a6 35. b4 Qe1+ 36. Kg2 Qe2 37. Kg1 g6 38. Nh3 Qe1+ 39. Kg2 Qe2+ 40. Kg1 Qe3+ 41. Kg2 d3 42. Nf2 d2 43. h4 Qd4 44. Qb8 d1=Q 45. Nxd1 Qxd1 46. Qh8 Qd5+ 47. Kh2 Ke6 48. Qb8 Kd7 49. Qh8 Qd2+ 50. Kh3 Qd6 51. Qa8 Kc7 52. Kh2 Qd8 53. Qa7 Qd2+ 54. Kh3 Qd4 55. Qa8 Nc8 56. b5 Qa7 57. b6+ Qxb6 58. g4 Qa7 59. gxh5 gxh5 60. Kg3 Qxa8 61. Kf3 Kd6 62. Ke4 Ke6 63. Ke3 Qa7+ 64. Kd3 Qc5 65.
Ke2 a5 66. Kd2 a4 67. Kd1 b5 68. Kd2 Nd6 69. Ke2 Kf5 70. Kd1 Kg4 71. Kd2 Kxh4 0-1

[Event "Late-Titled-Tuesday-Blitz-October-17-2023"]
[Site "Chess.com"]
[Date "2023.10.17"]
[Round "7"]
[White "Haykoooo0o"]
[Black "DarkAlekhine"]
[Result "0-1"]
[WhiteElo "2474"]
[BlackElo "2701"]
[TimeControl "180+1"]
[EndTime "15:17:27 PDT"]
[Termination "DarkAlekhine won by checkmate"]

1. d4 Nf6 2. Nf3 d5 3. e3 e6 4. Bd3 b6 5. Ne5 Bb7 6. Nd2 Be7 7. f4 O-O 8. Qf3 c5 9. c3 Nc6 10. O-O g6 11. g4 Rc8 12. Qg2 Ne8 13. Ndf3 Nd6 14. Nxc6 Bxc6 15. Ne5 Be8 16. g5 Bb5 17. Bxb5 Nxb5 18. Bd2 Nd6 19. Rae1 Qe8 20. Qe2 Qb5 21. Qxb5 Nxb5 22. Rc1 c4 23. Nf3 Nd6 24. Rce1 b5 25. Bc1 a5 26. Nd2 b4 27. e4 Rfe8 28. Re2 Nb5 29.
Nb1 Bd6 30. Rfe1 dxe4 31. Rxe4 Nc7 32. Kg2 Nd5 33. Kf3 Rb8 34. Bd2 Kg7 35. R4e2 Rh8 36. Kg4 h6 37. h4 hxg5 38. fxg5 Ne7 39. Rf1 Nf5 40. Rh1 Ng3 41. Ree1 Nxh1 42. Rxh1 Rb5 43.
Rf1 Rf5 44. Rxf5 gxf5+ 45. Kh3 f6 46. gxf6+ Kxf6 47. Bg5+ Kg6 48. Nd2 Rc8 49. Kg2 a4 50.
cxb4 Bxb4 51. a3 Bxd2 52. Bxd2 Kh5 53. Kg3 Rg8+ 54. Kf4 Rg4+ 55. Ke5 Re4+ 56. Kf6 Kxh4 57. Bc3 Kg4 58. Ke7 f4 59. Kd6 f3 60. d5 exd5 61.
Kxd5 f2 62. Kxe4 f1=Q 63. Kd4 Qd3+ 64. Kc5 Kf3 65. Kb4 Ke4 66. Kxa4 Qc2+ 67. Kb5 Kd5 68. a4 Qb3+ 69. Ka5 Kc6 70. Bb4 Qxb2 71. Ka6 Qxb4 72. a5 Qb7# 0-1

[Event "Late-Titled-Tuesday-Blitz-October-17-2023"]
[Site "Chess.com"]
[Date "2023.10.17"]
[Round "7"]
[White "Bauman_Guy"]
[Black "AryanTari"]
[Result "1-0"]
[WhiteElo "2886"]
[BlackElo "2945"]
[TimeControl "180+1"]
[EndTime "15:17:35 PDT"]
[Termination "Bauman_Guy won by resignation"]

1. e4 c6 2. d4 d5 3. e5 Bf5 4.
h4 a6 5. Be3 c5 6. dxc5 Nc6 7.
f4 d4 8. Bf2 e6 9. Nd2 Nh6 10.
a3 Ng4 11. Bd3 Bxc5 12. Ngf3 O-O 13. Ne4 Be7 14. h5 h6 15. O-O Qd5 16. Qe2 Rad8 17. Rfe1 b5 18. Nh2 Ne3 19. Qf3 Na5 20. g4 Bh7 21. Nf1 Nac4 22. Rab1 Nxc2 23. Bxc2 d3 24. Bb3 d2 25. Nexd2 Qxf3 26. Nxf3 Bxb1 27. Rxb1 Rd3 28. Bd1 Re8 29. Be2 Rb3 30. Bxc4 bxc4 31. N3d2 Rd3 32. Nxc4 Rb8 33. Re1 a5 34. Re4 a4 35. f5 Bg5 36. Be3 Rd1 37. Kg2 Rc8 38.
Bxg5 hxg5 39. Nfe3 Rc1 40. Kf3 Rd8 41. Nd6 Rb8 42.
Nec4 Rb3+ 43. Kg2 Rc2+ 44. Kg1 Rd3 45. Kf1 Rf3+ 46. Ke1 Rh3 47. Kd1 Rg2 48. Nd2 Rd3 49.
Nc4 Rh3 50. fxe6 fxe6 51. Rd4 Kh7 52. Nd6 Rhg3 53. Rxa4 Re3 54. N6e4 Rd3 55. Nxg5+ Kh6 56. Nf3 Rg3 57. Ke2 Rd8 58. Rf4 Rg2+ 59. Ke3 Rg3 60.
b4 Rc8 61. Rc4 Rf8 62. Rc6 Rxg4 63. Rxe6+ Kxh5 64. b5 g5 65. Ne4 Rgf4 66. Nfxg5 Kg4 67. Nh7 Kf5 68. Nxf8 Rxe4+ 69. Kd3 Ra4 70. Re8 Rxa3+ 71.
Kc4 Ra1 72. Kc5 Rc1+ 73. Kb6 Rc8 74. Rxc8 1-0

[Event "Late-Titled-Tuesday-Blitz-October-17-2023"]
[Site "Chess.com"]
[Date "2023.10.17"]
[Round "7"]
[White "German_Bazeev"]
[Black "karinachess1"]
[Result "1/2-1/2"]
[WhiteElo "2792"]
[BlackElo "2613"]
[TimeControl "180+1"]
[EndTime "15:17:35 PDT"]
[Termination "Game drawn by repetition"]

1. d4 Nf6 2. Bg5 d5 3. Bxf6 exf6 4. Nf3 c6 5. e3 Bd6 6. c4 O-O 7. cxd5 cxd5 8. Nc3 Be6 9. g3 Nc6 10. Bg2 Qb6 11.
Qb3 Qxb3 12. axb3 Nb4 13. Kd2 a6 14. Ne1 Rfc8 15. Nd3 Rc6 16. Rhc1 Rac8 17. Nxb4 Bxb4 18. h3 Kf8 19. g4 Ke7 20. Kd3 Kd6 21. Ne2 Rxc1 22.
Rxc1 Rxc1 23. Nxc1 Bd7 24. Kc2 Bb5 25. Na2 Be1 26.
f4 h6 27. Nc3 Bc6 28. Kd1 Bxc3 29. bxc3 g5 30. Kd2 a5 31. Bf1 b5 32. Kc2 Kc7 33.
Kb2 Kb6 34. Ka3 Bd7 35. Bg2 Bc6 36. Bf3 Bb7 37. Be2 Bc6 38. Bd1 Bb7 39. Bc2 Bc6 40.
Bd3 Bd7 41. Bb1 Bc6 42. Ba2 Bb7 43. Kb2 Bc6 44. Kc1 Bb7 45. Kd2 Kc6 46. Bb1 Kd6 47. Bh7 Bc6 48. Bg8 Ke7 49. Bh7 Kd6 50. Kc2 Ke7 51.
Kb2 Kd6 52. Ka3 Bd7 53. Bd3 Bc6 54. Bc2 Bd7 55. Bb1 Bc6 56. Bc2 Bd7 57. Bd1 Bc6 58.
Be2 Bd7 59. Bf1 Bc6 60. Bg2 Bd7 61. Bf3 Bc6 62. Kb2 Bd7 63. Be2 Bc6 64. Kc2 Bd7 65.
Kd2 Bc6 66. Bd3 Bd7 67. Bb1 Bc6 68. Ba2 Bd7 69. Ke1 Bc6 70. Kf2 Bd7 71. Kg3 Bc6 72.
h4 Bd7 73. hxg5 fxg5 74. fxg5 hxg5 75. Kf3 f6 76. Bb1 Bc6 77. Bd3 Bd7 78. Be2 Bc6 79. Bd1 a4 80. b4 Bd7 81. Bc2 Bc6 82. Bb1 Bd7 83. Bc2 Bc6 84. Bb1 Bd7 85. Bc2 1/2-1/2

[Event "Late-Titled-Tuesday-Blitz-October-17-2023"]
[Site "Chess.com"]
[Date "2023.10.17"]
[Round "7"]
[White "acertijo08"]
[Black "Alphafischer2019"]
[Result "0-1"]
[WhiteElo "2337"]
[BlackElo "2574"]
[TimeControl "180+1"]
[EndTime "15:17:36 PDT"]
[Termination "Alphafischer2019 won on time"]

1. e4 c5 2. Nf3 Nc6 3. d4 cxd4 4. Nxd4 g6 5. c4 Nf6 6. Nc3 Nxd4 7. Qxd4 d6 8. Be2 Bg7 9. Be3 O-O 10. Qd2 Be6 11.
Rc1 a5 12. b3 Nd7 13. O-O Nc5 14. f3 b6 15. Rfd1 Qc7 16. Nb5 Qb7 17. Nd4 Bd7 18.
Bf1 Rac8 19. Qf2 Rfd8 20. Bg5 Be8 21. Qh4 Rc7 22. Nb5 Bxb5 23. cxb5 Rdc8 24. Bc4 Ne6 25.
Bd5 Rxc1 26. Bxc1 Qc7 27. Be3 Nc5 28. Bg5 e6 29. Bc6 Bf8 30. Bf6 Nd7 31. Bd4 e5 32. Be3 Nc5 33. Qf2 Be7 34. Qd2 Rf8 35.
Qd5 Kg7 36. Qd2 Kg8 37. Qc2 Kg7 38. a3 Rb8 39. b4 axb4 40. axb4 Ne6 41. Rc1 Bg5 42. Qd2 Bxe3+ 43. Qxe3 Nd4 44. Qd3 Qa7 45. h4 h5 46. Kh2 Rc8 47. f4 Qe7 48. g3 Qf6 49.
Rf1 Nxc6 50. bxc6 Rxc6 51. fxe5 Qxe5 52. Qf3 f6 53. Qf4 Rc2+ 54. Kg1 Rb2 55. Qxe5 dxe5 56. Rc1 Rxb4 57. Rc7+ Kh6 58. Rc6 Kg7 59. Rc7+ Kf8 60. Rc6 Ke7 61. Rc7+ Kd6 62. Rf7 Ke6 63. Rg7 Rxe4 64.
Rxg6 Rg4 65. Rxg4 hxg4 66. Kf2 f5 67. Ke3 b5 68. Kd3 f4 69. gxf4 exf4 70. Ke4 g3 71. Kf3 b4 0-1

[Event "Late-Titled-Tuesday-Blitz-October-17-2023"]
[Site "Chess.com"]
[Date "2023.10.17"]
[Round "7"]
[White "luizzy"]
[Black "BardArtem"]
[Result "0-1"]
[WhiteElo "2568"]
[BlackElo "2764"]
[TimeControl "180+1"]
[EndTime "15:17:37 PDT"]
[Termination "BardArtem won by resignation"]

1. b3 d5 2. Bb2 Nf6 3. e3 Bf5 4. Nf3 e6 5. d3 h6 6. Nbd2 c6 7.
Ne5 Nbd7 8. Ndf3 Be7 9. h3 O-O 10. g4 Bh7 11. h4 Nxe5 12. Nxe5 Nd7 13. Nxd7 Qxd7 14. g5 f6 15. gxh6 gxh6 16. Qh5 Bb4+ 17. Kd1 Qg7 18. Bh3 Bg6 19. Bxe6+ Kh8 20. Qg4 Rae8 21.
Rg1 Rxe6 22. Qxg6 Qxg6 23. Rxg6 Kh7 24. h5 Bd6 25. Ke2 Be5 26. d4 Bd6 27. Rag1 Rf7 28. Kd3 Re4 29. R1g4 f5 30. Rg2 Bf8 31. f4 Bg7 32. c4 dxc4+ 33. bxc4 Rfe7 34. Bc1 c5 35. d5 b5 36. cxb5 Rd7 37. d6 c4+ 38. Kc2 Bh8 39. Bd2 c3 40. Bxc3 Rc4 41. Re6 Rxc3+ 42. Kd2 Rd8 43.
Rgg6 Rc5 44. Rxh6+ Kg7 45. Rhg6+ Kf8 46. h6 Rd5+ 47.
Ke2 Kf7 48. h7 Rxb5 49. Rh6 Ra5 50. Re7+ Kf8 51. Rg6 Rxd6 52. Rxd6 Kxe7 53. Rg6 Rxa2+ 54. Kd3 Rh2 55. Rg8 Rxh7 56. Ra8 Kd6 57. e4 Rh3+ 58. Kc4 fxe4 59. Rxa7 Ke6 60. Ra6+ Kf5 61. Kd5 Rd3+ 62. Kc4 Kxf4 63. Rh6 Be5 64. Rh4+ Kf3 65. Rh3+ Bg3 66. Rh8 Rd1 67. Rf8+ Bf4 68. Kc3 e3 69. Rh8 e2 70.
Rh3+ Bg3 0-1

[Event "Late-Titled-Tuesday-Blitz-October-17-2023"]
[Site "Chess.com"]
[Date "2023.10.17"]
[Round "7"]
[White "cassoulet"]
[Black "Dhaydon19"]
[Result "0-1"]
[WhiteElo "2782"]
[BlackElo "2564"]
[TimeControl "180+1"]
[EndTime "15:17:46 PDT"]
[Termination "Dhaydon19 won by checkmate"]

1. d4 Nf6 2. Bg5 b6 3. Bxf6 exf6 4. e4 Bb7 5. Nc3 g6 6. Bd3 Bg7 7. Nf3 O-O 8. Qd2 c5 9. dxc5 bxc5 10. O-O Nc6 11.
Bc4 Qb6 12. Nd5 Qd8 13. Rad1 d6 14. c3 Ne5 15. Nxe5 dxe5 16. Qc2 Rb8 17. Ne3 Qb6 18. b3 Bc6 19. Bd5 Bb5 20. c4 Bd7 21. Rd3 Bh6 22.
Nd1 Kg7 23. Nc3 f5 24. Qe2 Rbe8 25. Rfd1 Re7 26. exf5 Bxf5 27. Be4 Be6 28. Rd6 Qa5 29. Na4 Bg5 30. Bd5 Bf5 31. Be4 Be6 32. g3 h5 33.
Bg2 Bf6 34. Qe3 Rc8 35. Bc6 Rec7 36. Bd5 Bg4 37. Bf3 Bf5 38. h4 e4 39. Bg2 Re7 40. Rxf6 Kxf6 41. Qg5+ Ke6 42. Rd5 Rd7 43. Rxd7 Kxd7 44. Qf6 Be6 45. Bxe4 Qe1+ 46. Kh2 Qxe4 47. Qc3 Qd4 48. Qc2 Bf5 49. Qe2 Re8 50. Qf3 Be4 51. Qxf7+ Re7 52. Qf4 Bf5 53. Qf3 Bg4 54. Qb7+ Ke8 55.
Qb8+ Kf7 56. Kg2 Qe4+ 57. Kh2 Qf3 58. Qf4+ Qxf4 59. gxf4 Re2 60. Kg3 Rxa2 61. Nxc5 Ra3 62. f3 Bc8 63. Kf2 a5 64. Ke2 Ke7 65. Kd3 Bf5+ 66.
Kd4 Kd6 67. Nb7+ Kc6 68. Nc5 Ra1 69. Na4 Rxa4 70. bxa4 Kd6 71. c5+ Kc6 72. Kc4 Bc2 73. Kd4 Bxa4 74. f5 gxf5 75. Ke5 Bd1 76. Kxf5 Bxf3 77. Kg5 Bg4 78. Kf4 Kxc5 79. Ke3 Kb4 80. Kd2 Kb3 81. Kc1 a4 82. Kb1 a3 83. Ka1 Be6 84. Kb1 Kc3 85. Ka1 Kd3 86. Kb1 Ke3 87. Kc1 Kf4 88. Kd2 Kg3 89. Ke2 a2 90. Ke3 a1=Q 91.
Ke4 Kxh4 92. Ke3 Qc3+ 93. Kf2 Qd2+ 94. Kf1 Bc4+ 95. Kg1 Bd5 96. Kf1 Be4 97. Kg1 Qg2# 0-1